 Dungeon Crawl Stone Soup version 0.30.0-11-gf55b779eaf (webtiles) character file.

Game seed: 11547833225789529264

55369 freelancePsychic the Bludgeoner (level 15, -2/151 HPs)
             Began as a Kobold Berserker on May 16, 2023.
             Was a High Priest of Trog.
             Slain by a deep elf knight
             ... wielding a +0 long sword
              (14 damage)
             ... on level 13 of the Dungeon on May 17, 2023.
             The game lasted 00:45:11 (20948 turns).

freelancePsychic the Bludgeoner (Kobold Berserker) Turns: 20948, Time: 00:45:12

Health: -2/151     AC: 11    Str: 20    XL:     15   Next: 17%
Magic:  15/15      EV: 28    Int:  9    God:    Trog [*****.]
Gold:   1235       SH: 12    Dex: 22    Spells: 14/14 levels left

rFire   . . .        m - +1 eveningstar (freeze)
rCold   . . .        L - +0 buckler
rNeg    . . .        T - +0 acid dragon scales
rPois   +            (no helmet)
rElec   .            R - +2 cloak {rPois}
rCorr   +            b - +0 pair of gloves
SInv    .            K - +0 pair of boots
Will    +....        M - amulet of reflection Stlth
                     n - +6 ring of dexterity
HPRegen 0.45/turn    H - +5 ring of evasion
MPRegen 0.14/turn

%: reflection
@: berserking, studying Shields, very quick
A: small, no large weapons, nightstalker 3
a: Renounce Religion, Berserk, Trog's Hand, Brothers in Arms


You were on level 13 of the Dungeon.
You worshipped Trog.
Trog was extremely pleased with you.
You visited 2 branches of the dungeon, and saw 18 of its levels.

You collected 1235 gold pieces.

Inventory:

Hand Weapons
 a - a +0 short sword
 j - a +0 rapier
 m - a +1 eveningstar of freezing (weapon)
Missiles
 E - 5 curare-tipped darts (quivered)
Armour
 b - a +0 pair of gloves (worn)
 C - a +2 leather armour of poison resistance
 F - a +0 cloak
 K - a +0 pair of boots (worn)
 L - a +0 buckler (worn)
 R - a +2 cloak of poison resistance (worn)
 T - +0 acid dragon scales (worn)
Jewellery
 n - a +6 ring of dexterity (left hand)
 v - a ring of flight
 z - a ring of positive energy
 D - a ring of protection from fire
 H - a +5 ring of evasion (right hand)
 M - an amulet of reflection (around neck)
 N - an amulet of regeneration
 Q - a +6 ring of strength
Wands
 w - a wand of flame (2)
 A - a wand of mindburst (27)
 I - a wand of roots (19)
Scrolls
 d - 3 scrolls of teleportation {@r4}
 e - 5 scrolls of identify {@r1}
 g - 2 scrolls of magic mapping
 o - 3 scrolls of blinking
 q - 2 scrolls of vulnerability
 s - 3 scrolls of enchant armour
 y - 4 scrolls of immolation
 J - 2 scrolls of fog
 P - 2 scrolls of enchant weapon
 S - a scroll of fear
Potions
 c - 3 potions of cancellation {unknown}
 f - 2 potions of lignification {unknown}
 h - 3 potions of attraction {unknown}
 i - 3 potions of resistance {unknown}
 k - 5 potions of curing {@q1}
 l - a potion of degeneration {unknown}
 p - a potion of haste {unknown}
 t - 4 potions of ambrosia
 u - 2 potions of brilliance {unknown}
 x - 5 potions of flight {unknown}
 B - 3 potions of mutation {unknown}
 G - a potion of might {unknown}
 O - 3 potions of heal wounds {unknown}
 U - a potion of magic {unknown}
Miscellaneous
 r - a phial of floods


   Skills:
 + Level 14.9 Fighting
 - Level 4.7 Short Blades
 - Level 16.0 Maces & Flails
 - Level 1.8 Armour
 - Level 11.2 Dodging
 - Level 5.0 Stealth
 - Level 8.0 Shields
 - Level 6.2 Evocations


You had 14 spell levels left.
You didn't know any spells.
Your spell library was empty.

Dungeon Overview and Level Annotations

Branches:
Dungeon (12/15)            Temple (0/1) D:7            Lair (5/5) D:9
  Swamp (0/4) Lair:3       Spider (0/4) Lair:3        Slime (0/5) Lair:5
    Orc (0/2) D:11         Vaults (0/5) D:13

Altars:
Ashenzari
Cheibriados
Fedhas
Gozag
Hepliaklqana
Kikubaaqudgha
Makhleb
Nemelex Xobeh
Qazlal
Trog
Vehumet
Wu Jian
Zin
Jiyva

Shops:
D:7 *(

Annotations:
D:4 exclusions: adder and goblin, Edmund
D:5 3 runed translucent doors, exclusion: water moccasin
Lair:2 2 runed translucent doors
Lair:4 exclusion: downstairs
Lair:5 Rupert


Innate Abilities, Weirdness & Mutations

You are small and have problems with some larger weapons.
You are completely attuned to the shadows.


Message History

No target in view!
No target in view!
No target in view!
No target in view!
No target in view!
No target in view!
No target in view!
No target in view!
No target in view!
No target in view!
No target in view!
You barely miss something. Something hits you but does no damage.
You completely miss something. You hit something. You freeze something.
You block something's attack.
You completely miss something. Something completely misses you.
You completely miss something. You block something's attack.
You miss something. You impale something!! You freeze something!
You hear some strange, mumbled words.
You closely miss something. Something hits you.
You completely miss something. Something hits you.
You closely miss something. Something hits you.
You completely miss something.
You hear some strange, mumbled words.
A shard of ice appears from out of thin air!
The shard of ice hits you!!
You barely miss something.
You hear some strange, mumbled words.
A lance of force appears from out of thin air!
The lance of force hits you!
* * * LOW HITPOINT WARNING * * *
You are knocked back by the lance of force.
You slam into the metal wall!
* * * LOW HITPOINT WARNING * * *
You feel better. Something hits you!
* * * LOW HITPOINT WARNING * * *
Something completely misses you.
A red film seems to cover your vision as you go berserk!
You feel yourself moving faster!
You feel mighty! Something hits you!
You die...

#####...#####~~~.......#..
#⌠.⌠#.......'..........#..
#.∩)'...#.).'..........#..
#⌠.)#.....).'......#......
#####...#####~~~.......#..
#...# #≈≈≈~......##.
#...#####≈≈≈~......##.
#...#....≈≈≈~.##### #.
#...'@)..≈ #.. #...#.{.#≈
#.. ######### ... #.. .#


There were no monsters in sight!

Vanquished Creatures
  2 vault guards (D:13)
  2 centaur warriors (D:13)
  5 hydras
  A death yak (Lair:3)
  A boulder beetle (Lair:3)
  A two-headed ogre (D:11)
  Amaemon (D:10)
  A skyshark (Lair:5)
  2 goliath frogs (Lair:5)
  Pikel (D:6)
  An orc sorcerer (D:13)
  A deep elf zephyrmancer (D:9)
  3 orc knights (D:13)
  A cyclops (D:11)
  An ugly thing (D:11)
  9 elephants (Lair:5)
  An orange demon (D:10)
  3 black mambas
  2 gargoyles
  18 cane toads
  2 rime drakes
  2 unseen horrors
  10 komodo dragons
  3 trolls
  5 polar bears
  A queen bee (Lair:1)
  3 tyrant leeches (Lair:5)
  22 blink frogs
  3 centaur simulacra (D:10)
  A slime creature (Lair:5)
  A wraith (D:11)
  2 wyverns
  A shadow (D:13)
  59 yaks
  A human (D:13)
  2 basilisks
  2 steam dragons
  9 vampire mosquitoes
  Menkaure (D:4)
  5 swamp worms
  4 acid dragons
  14 water moccasins
  7 orc warriors
  6 ice beasts
  2 ogres (D:5)
  32 wolves
  5 centaurs
  A lemure (D:6)
  A phantom (D:5)
  2 kobold brigands
  Blork the orc (D:4)
  10 bullfrogs
  4 scorpions
  5 wights (D:9)
  20 killer bees
  6 electric eels
  7 howler monkeys
  6 hounds
  12 orc priests
  8 jellies
  8 iguanas
  15 orc wizards
  A sleepcap (D:5)
  7 hell rats (Lair:5)
  3 adders
  A shadow imp (D:7)
  2 howler monkey simulacra (D:10)
  5 white imps
  4 ufetubi
  A worm (D:3)
  2 dart slugs
  55 orcs
  6 bats
  6 endoplasms
  A giant cockroach (D:3)
  3 goblins
  9 hobgoblins
  4 jackals (D:3)
  2 quokkas (D:2)
  7 ball pythons
  3 frilled lizards
  25 kobolds
  4 rats
519 creatures vanquished.

Vanquished Creatures (others)
  A wizard (D:13)
1 creature vanquished.

Grand Total: 520 creatures vanquished

Notes
Turn   | Place    | Note
-------+----------+-------------------------------------------
     0 | D:1      | freelancePsychic the Kobold Berserker began the quest for
                  | the Orb.
     0 | D:1      | Reached XP level 1. HP: 14/14 MP: 1/1
   328 | D:1      | Reached XP level 2. HP: 19/19 MP: 2/2
   391 | D:1      | Reached skill level 1 in Stealth
   836 | D:2      | Reached XP level 3. HP: 23/23 MP: 3/3
  1116 | D:2      | Found a faded altar of an unknown god.
  1385 | D:3      | Reached ** piety under Trog
  1487 | D:3      | Reached skill level 1 in Maces & Flails
  1734 | D:3      | Found a glowing silver altar of Zin.
  1855 | D:3      | Reached XP level 4. HP: 29/29 MP: 4/4
  2235 | D:4      | Reached skill level 2 in Maces & Flails
  2235 | D:4      | Reached XP level 5. HP: 33/33 MP: 5/5
  2259 | D:4      | Found a stormy altar of Qazlal.
  2274 | D:4      | Noticed Edmund
  2352 | D:4      | Noticed Menkaure
  2359 | D:4      | Reached XP level 6. HP: 39/39 MP: 6/6
  2362 | D:4      | Killed Menkaure
  2363 | D:4      | Reached skill level 3 in Maces & Flails
  2440 | D:4      | Noticed Blork the orc
  2443 | D:4      | Found an ornate altar of the Wu Jian Council.
  2446 | D:4      | Killed Blork the orc
  2447 | D:4      | Reached XP level 7. HP: 44/44 MP: 7/7
  2450 | D:4      | Noticed a spectral centipede
  2450 | D:4      | Noticed a spectral black mamba
  2450 | D:4      | Noticed a spectral cane toad
  2822 | D:4      | Reached skill level 5 in Fighting
  2870 | D:4      | Found a burning altar of Makhleb.
  2954 | D:4      | Reached skill level 4 in Maces & Flails
  2955 | D:4      | Reached skill level 5 in Stealth
  3192 | D:5      | Entered Level 5 of the Dungeon
  3192 | D:5      | Noticed a water moccasin
  3279 | D:5      | Found a sparkling altar of Nemelex Xobeh.
  3344 | D:5      | Reached skill level 5 in Maces & Flails
  3344 | D:5      | Reached XP level 8. HP: 41/51 MP: 8/8
  3593 | D:5      | Found the +8 trident of the Octopus King {venom, rElec
                  | rPois}
  3597 | D:5      | Found a runed translucent gate.
  3598 | D:5      | Found a runed translucent gate.
  3599 | D:5      | Found a runed translucent gate.
  3757 | D:5      | Reached skill level 6 in Maces & Flails
  4485 | D:6      | Reached XP level 9. HP: 54/57 MP: 9/9
  4497 | D:6      | Reached skill level 7 in Maces & Flails
  4713 | D:6      | Reached *** piety under Trog
  4833 | D:6      | Noticed Pikel
  5050 | D:6      | Killed Pikel
  5051 | D:6      | Reached skill level 8 in Maces & Flails
  5051 | D:6      | Reached skill level 5 in Dodging
  5554 | D:6      | Found a snail-covered altar of Cheibriados.
  5810 | D:7      | Reached XP level 10. HP: 64/64 MP: 10/10
  6101 | D:7      | Found Gozag's Platinum Reserve.
  6155 | D:7      | Found a staircase to the Ecumenical Temple.
  6560 | D:7      | Found Luroutuh's Weapon Boutique.
  6608 | D:7      | Identified the staff of fire "Uptot" {rPois rF+ Str+5}
  6615 | D:7      | Found an opulent altar of Gozag.
  6897 | D:7      | Found a broken altar of Ashenzari.
  6904 | D:7      | Found a bloodstained altar of Trog.
  7030 | D:8      | Found an ancient bone altar of Kikubaaqudgha.
  7068 | D:8      | Reached skill level 9 in Maces & Flails
  7204 | D:8      | Reached **** piety under Trog
  7253 | D:8      | Killed an unseen horror
  7775 | D:8      | Found a radiant altar of Vehumet.
  7992 | D:8      | Found a blossoming altar of Fedhas.
  8460 | D:9      | Noticed a deep elf zephyrmancer
  8481 | D:9      | Killed a deep elf zephyrmancer
  8482 | D:9      | Reached skill level 1 in Evocations
  8575 | D:9      | Reached skill level 10 in Maces & Flails
  8575 | D:9      | Reached XP level 11. HP: 55/71 MP: 11/11
  8898 | D:9      | Found a staircase to the Lair.
  9045 | D:9      | Found a hazy altar of Hepliaklqana.
  9406 | D:9      | Reached skill level 10 in Fighting
  9418 | D:10     | Entered Level 10 of the Dungeon
  9486 | D:10     | Noticed Amaemon
  9737 | D:10     | Reached skill level 11 in Maces & Flails
 10316 | D:10     | Reached ***** piety under Trog
 10335 | D:10     | Reached skill level 5 in Evocations
 10346 | D:10     | Killed Amaemon
 10347 | D:10     | Reached XP level 12. HP: 72/78 MP: 12/12
 11269 | Lair:1   | Entered Level 1 of the Lair of Beasts
 11326 | Lair:1   | Reached skill level 10 in Dodging
 11484 | Lair:1   | Reached skill level 12 in Maces & Flails
 12697 | Lair:1   | Reached XP level 13. HP: 84/84 MP: 13/13
 13154 | Lair:2   | Found a large runed translucent door.
 13154 | Lair:2   | Found a large runed translucent door.
 13487 | Lair:2   | Reached skill level 13 in Maces & Flails
 14244 | Lair:3   | Reached skill level 1 in Shields
 14657 | Lair:3   | Noticed a six-headed hydra
 14663 | Lair:3   | Killed a six-headed hydra
 14663 | Lair:3   | Received a gift from Trog
 14853 | Lair:3   | Found a hole to the Spider Nest.
 15210 | Lair:3   | Noticed a four-headed hydra
 15227 | Lair:3   | Killed a four-headed hydra
 15283 | Lair:3   | Noticed an eight-headed hydra
 15294 | Lair:3   | Killed an eight-headed hydra
 15409 | Lair:3   | You fall into a shaft and drop 1 floor!
 15677 | Lair:3   | Found a staircase to the Swamp.
 16339 | Lair:4   | Reached skill level 14 in Maces & Flails
 16489 | Lair:4   | Reached skill level 5 in Shields
 16572 | Lair:4   | Noticed a four-headed hydra
 16578 | Lair:4   | Killed a four-headed hydra
 17209 | Lair:5   | Entered Level 5 of the Lair of Beasts
 17337 | Lair:5   | Noticed a seven-headed hydra
 17344 | Lair:5   | Killed a seven-headed hydra
 17345 | Lair:5   | Reached XP level 14. HP: 92/92 MP: 14/14
 17500 | Lair:5   | Found a viscous altar of Jiyva.
 17500 | Lair:5   | Found a staircase to the Slime Pits.
 17977 | Lair:5   | Reached skill level 15 in Maces & Flails
 17994 | Lair:5   | Received a gift from Trog
 18367 | Lair:5   | Noticed Rupert
 18568 | Lair:5   | Identified the staff of conjuration "Cirar" {Stlth+}
 18570 | Lair:5   | Identified the staff of poison "Ziuz" {rPois rF- Will++
                  | Int+3}
 18768 | Lair:5   | Identified the +2 robe of Okuf Bue {+Inv rPois}
 19438 | D:11     | Found a staircase to the Orcish Mines.
 19450 | D:11     | Received a gift from Trog
 20432 | D:12     | You fall into a shaft and drop 1 floor!
 20524 | D:13     | Reached XP level 15. HP: 49/100 MP: 15/15
 20527 | D:13     | Reached skill level 16 in Maces & Flails
 20831 | D:13     | Found a gate to the Vaults.
 20948 | D:13     | Slain by a deep elf knight

Illustrated notes

Levels and vault maps discovered:
D:1:      pf_arrival_petrified_forest, layout_rooms
D:2:      layout_basic, shapermc_ecumenical_altar_hornbeckon
D:3:      layout_rooms, lemuel_coloured_pillars_altar
D:4:      cheibrodos_quashed, layout_basic, pdpol_wu_jian_five_deadly_venoms,
          mainiacjoe_overflow_tiny_flanked, mainiacjoe_overflow_chevrons,
          uniq_menkaure, uniq_edmund, uniq_blork_the_orc
D:5:      layout_cave_pools, nemelex_diamond_rough_becter,
          gammafunk_ghost_cemetery, nrook_uturn
D:6:      kennysheep_kobold_camp, layout_cave_pools, kennysheep_mini,
          grunt_ministairs_7, uniq_pikel
D:7:      layout_basic, nicolae_gozag_zags_fifth_avenue,
          mainiacjoe_overflow_big_doors, temple_green, serial_shops,
          nicolae_shop_peninsula, corexii_leaking_fountain
D:8:      layout_loops_ring, fedhas_altar_decomposition, kennysheep_mini_moat,
          general_overflow_altar, worms_lemuel
D:9:      layout_loops_cross, mainiacjoe_overflow_small_starburst,
          erik_lair_island, guppyfry_early_elven_hall
D:10:     layout_cave_pools, serial_ice, serial_ice_j, serial_ice_n,
          serial_ice_m, serial_ice_g, serial_ice_o, serial_ice_d, uniq_amaemon
D:11:     layout_irregular_city, minmay_orc_entry_temple_small
D:12:     layout_irregular_city
D:13:     layout_loops_cross, grunt_vaults_entry_fortified,
          gammafunk_ghost_cemetery
Lair:1:   layout_cave_pods, special_room [special_room_bee],
          chequers_serial_rivers_large_a, serial_bayou_shore_a,
          grunt_megastairs_3, lemuel_fruit_tree
Lair:2:   layout_chaotic_city, ebering_ghost_disaster_area
Lair:3:   layout_cave_pods, palyth_hydra_swamp_entry, spider_nest_entry_a
Lair:4:   layout_gridlike, serial_bayou, serial_bayou_pond_d,
          serial_bayou_pond_d, serial_bayou_lagoon_b, serial_bayou_shore_b,
          serial_bayou_pond_a
Lair:5:   minmay_lair_end_frog_pond, layout_loops_ring,
          minmay_slime_entry_pillars, chequers_serial_rivers_small_3,
          uniq_rupert

Skill      XL: |  1  2  3  4  5  6  7  8  9 10 11 12 13 14 15 |
---------------+----------------------------------------------+-----
Stealth        | 1 2 3 4 5 |  5.0
Maces & Flails | 1 2 3 5 6 8 10 11 12 14 15 16 | 16.0
Fighting       | 4 5 7 8 9 10 11 12 14 | 14.9
Dodging        | 6 8 9 11 | 11.2
Evocations     | 1 5 6 |  6.2
Shields        | 5 8 |  8.0
Short Blades   | |  4.7
Armour         | |  1.8

Action                     |  1- 3 |  4- 6 |  7- 9 | 10-12 | 13-15 || total
---------------------------+-------+-------+-------+-------+-------++-------
  Melee: Short sword       |   117 |    54 |    51 |       |       ||   222
         Punch             |     2 |     1 |     3 |    11 |     1 ||    18
         Eveningstar       |       |       |   188 |   534 |   786 ||  1508
  Throw: Dart              |       |       |       |    10 |    10 ||    20
 Invoke: Berserk           |       |     3 |     7 |     5 |     9 ||    24
         Trog's Hand       |       |     1 |     4 |     3 |     1 ||     9
  Evoke: Wand              |       |       |     1 |    19 |     3 ||    23
    Use: Scroll            |       |     2 |     8 |     8 |     3 ||    21
         Potion            |       |       |     1 |     3 |     3 ||     7
   Stab: Sleeping          |    15 |     6 |    19 |    10 |    18 ||    68
         Distracted        |       |     2 |     3 |     4 |     5 ||    14
 Armour: Animal skin       |     9 |     2 |       |       |       ||    11
         Leather armour    |       |       |    28 |   104 |    59 ||   191
         Acid dragon scale |       |       |       |       |    15 ||    15
  Dodge: Dodged            |    49 |    28 |   145 |   699 |   625 ||  1546
  Block: Buckler           |       |       |       |       |   351 ||   351
         Reflection        |       |       |       |       |     4 ||     4
